 Dungeon Crawl Stone Soup version 0.18.1-48-g4cf74bf (webtiles) character file.

402 MistressOfTheDunes the Insei (level 6, 0/47 HPs)
             Began as a Mummy Monk on July 16, 2016.
             Killed from afar by an orc wizard (7 damage)
             ... with a magic dart
             ... on level 4 of the Dungeon.
             The game lasted 00:07:49 (5186 turns).

MistressOfTheDunes the Insei (Mummy Monk)           Turns: 5186, Time: 00:07:50

Health: 0/47       AC:  1    Str: 15    XL:     6   Next: 55%
Magic:  6/6        EV: 15    Int:  9    God:
Gold:   179        SH:  0    Dex: 16    Spells: 0 memorised, 5 levels left

rFire  x . .     SeeInvis .       - Unarmed
rCold  + . .     Gourm    .     (no armour)
rNeg   + + +     Faith    .     (no shield)
rPois  ∞         Spirit   .     (no helmet)
rElec  .         Dismiss  .     f - +0 cloak
rCorr  .         Reflect  .     (no gloves)
SustAt .         Harm     .     (no boots)
MR     .....                    (no amulet)
Stlth  ++........               (no ring)
                                (no ring)

@: not resistant to hostile enchantments, unstealthy
A: no food or potions, fire vulnerability, cold resistance 1, negative energy
resistance 3, torment resistance, unbreathing
a: no special abilities


You were on level 4 of the Dungeon.
You were not hungry.

You visited 1 branch of the dungeon, and saw 4 of its levels.

You collected 179 gold pieces.


Innate Abilities, Weirdness & Mutations

You do not eat or drink.
Your flesh is vulnerable to fire.
You are immune to poison.
Your flesh is cold resistant.
You are immune to negative energy.
You are immune to unholy pain and torment.
You can survive without breathing.


   Skills:
 - Level 3.0 Fighting
 + Level 4.9 Dodging
 - Level 1.5 Stealth
 - Level 5.0 Unarmed Combat


You had 5 spell levels left.
You didn't know any spells.

Inventory:

Armour
 f - a +0 cloak (worn)
Scrolls
 a - 4 scrolls of noise {unknown}
 b - a scroll of immolation {unknown}
 c - 2 scrolls of teleportation {unknown}
 d - a scroll of enchant armour {unknown}
 e - 2 scrolls of blinking {unknown}
 g - a scroll of random uselessness {unknown}
 h - 2 scrolls of identify {unknown}
 i - 4 scrolls of remove curse {unknown}
 j - a scroll of recharging {unknown}

Dungeon Overview and Level Annotations

Branches:
Dungeon (4/15)
 Temple: D:4-7

Altars:
Kikubaaqudgha
Sif Muna
Vehumet

Shops:
D:4 }%!*

Annotations:
D:4 Zapata's ghost, amateur MiBe

▒................▒.........<...▒
▒.o..............▒.............▒
▒oo.............▒▒▒............▒
▒▒o▒▒▒.......▒▒▒.▒.[....W........
▒∩.∩▒▒.......†.........).........
▒....▒....▒▒▒▒▒▒.▒..............▒
▒∩.∩......▒ ▒.▒▒.............▒
▒..▒▒▒.▒▒▒▒ ▒)▒ .▒▒▒▒▒▒▒▒▒▒▒.'
▒▒)▒▒▒.▒▒▒▒▒▒▒▒▒M▒ ▒ ........▒
▒..)▒.........oo▒ ▒▒▒▒▒▒▒▒▒
▒▒▒▒)▒▒▒▒▒▒▒▒▒▒▒▒▒ ▒ o.o..▒
▒▒▒▒▒▒


You could see an orc wizard and an orc.


Message History

You squash the orc wizard like an ant!
The orc wizard is severely wounded!
The orc wizard hits you but does no damage!
The orc wizard barely misses you!
The orc wizard mumbles some strange words!
The orc wizard blinks!!!
The orc wizard hits you with a dagger! * * * don't die
* * *
Things that are here:
a hand axe x2; an orc corpse You squash the orc wizard like an ant!
You annihilate the orc wizard!!!
The orc barely misses you!
The orc wizard looks braver for a moment!
You miss the orc wizard!
The orc wizard is moderately wounded!
The orc wizard barely misses you!
The orc hits you with a mace! * * * don't die
* * * You beat the orc wizard into a bloody pulp!
The orc wizard is heavily wounded!
The orc wizard hits you with a dagger! * * * don't die
* * * The orc wizard barely misses you!
You pulverise the orc wizard!
You punch the orc wizard, but do no damage!
The orc wizard is severely wounded!
The orc closely misses you!
The orc wizard gestures at you while chanting!
The magic dart hits you!!! rip

Action                   |  1- 3 |  4- 6 || total
-------------------------+-------+-------++-------
Melee: Unarmed           |   130 |   293 ||   423
       Punch             |     1 |     9 ||    10
 Stab: Sleeping          |     4 |     1 ||     5
Armor: Skin              |    10 |    18 ||    28
Dodge: Dodged            |    96 |   187 ||   283

Vault maps used:
D:1:      lightli_arrival_boilingwater
D:2:      minmay_cupped
D:3:      grunt_temple_overflow_magic_moments, first_bread, uniq_iyjb,
          uniq_terence
D:4:      serial_shops, nicolae_shop_trees,
          nicolae_shop_competitors_out_of_business, nicolae_shop_behind_doors,
          nicolae_shop_window_shopping, serial_bayou_crossing

Notes
Turn   | Place    | Note
--------------------------------------------------------------
     0 | D:1      | MistressOfTheDunes the Mummy Monk began the quest for the Orb.
     0 | D:1      | Reached XP level 1. HP: 18/18 MP: 1/1
   236 | D:1      | Reached XP level 2. HP: 19/24 MP: 2/2
   623 | D:1      | Reached skill level 4 in Unarmed Combat
  1052 | D:2      | Reached XP level 3. HP: 21/29 MP: 3/3
  1615 | D:1      | Reached XP level 4. HP: 13/35 MP: 4/4
  2256 | D:2      | Reached skill level 5 in Unarmed Combat
  3298 | D:3      | Found an ancient bone altar of Kikubaaqudgha.
  3298 | D:3      | Found a deep blue altar of Sif Muna.
  3300 | D:3      | Found a radiant altar of Vehumet.
  3306 | D:3      | Noticed Ijyb
  3329 | D:3      | Killed Ijyb
  3329 | D:3      | Reached skill level 3 in Dodging
  3329 | D:3      | Reached XP level 5. HP: 33/41 MP: 5/5
  3577 | D:3      | Noticed Terence
  3588 | D:3      | Killed Terence
  3807 | D:4      | Found Xiweeqin's Assorted Antiques.
  3905 | D:4      | Noticed Zapata's ghost (amateur MiBe)
  4318 | D:4      | Reached skill level 4 in Dodging
  4467 | D:4      | Reached XP level 6. HP: 29/47 MP: 6/6
  4477 | D:4      | Found Fuosoat's Distillery.
  4773 | D:4      | Found Wigus's Food Shop.
  4800 | D:4      | Found Coosych's Gadget Shop.
  5186 | D:4      | Killed from afar by an orc wizard

Vanquished Creatures
  2 hounds (D:4)
  An orc priest (D:4)
  A centaur skeleton (D:4)
  An orc wizard (D:4)
  A giant frog skeleton (D:4)
  Ijyb (D:3)
  Terence (D:3)
  4 gnolls
  An adder (D:4)
  An ooze (D:2)
  3 worms (D:2)
  5 dart slugs
  2 giant geckos
  13 orcs
  2 ball pythons
  5 giant cockroaches
  11 goblins
  3 hobgoblins
  3 jackals (D:2)
  11 kobolds
  2 quokkas
  4 bats (D:2)
  9 giant newts
  A jackal skeleton (D:4)
  11 rats
99 creatures vanquished.
